 Dungeon Crawl Stone Soup version 0.19.5 (webtiles) character file.

1156 Inarius the Cudgeler (level 8, -8/69 HPs)
             Began as a Minotaur Fighter on May 9, 2017.
             Was an Initiate of Nemelex Xobeh.
             Mangled by a balrug
             ... wielding a +0 demon whip of pain
             ... created by the fury of Makhleb
              (25 damage)
             ... on level 5 of the Dungeon.
             The game lasted 00:16:51 (4537 turns).

Inarius the Cudgeler (Minotaur Fighter)             Turns: 4537, Time: 00:16:52

Health: -8/69      AC: 12    Str: 22    XL:     8   Next: 16%
Magic:  7/7        EV: 10    Int:  6    God:    Nemelex Xobeh [......]
Gold:   326        SH: 10    Dex: 13    Spells: 1 memorised, 6 levels left

rFire  . . .     SeeInvis .     s - +2 spear (distort)
rCold  . . .     Gourm    +     a - +2 ring mail {rPois}
rNeg   . . .     Faith    .     c - +0 shield
rPois  +         Spirit   .     (helmet restricted)
rElec  .         Reflect  .     y - +0 cloak
rCorr  .         Harm     .     n - +0 pair of gloves
MR     .....                    w - +0 pair of boots
Stlth  ++........               p - amulet of the gourmand
                                m - ring of stealth
                                i - +3 ring of dexterity

@: no status effects
A: retaliatory headbutt, horns 2, blurry vision 1
a: Renounce Religion


You were on level 5 of the Dungeon.
You worshipped Nemelex Xobeh.
Nemelex Xobeh was noncommittal.
You were completely stuffed.

You visited 2 branches of the dungeon, and saw 6 of its levels.
You visited the Abyss 1 time.

You collected 326 gold pieces.

Inventory:

Hand Weapons
 s - a +2 spear of distortion (weapon)
Armour
 a - a +2 ring mail of poison resistance (worn)
 c - a +0 shield (worn)
 n - a +0 pair of gloves (worn)
 w - a +0 pair of boots (worn)
 y - a +0 cloak (worn)
Jewellery
 i - a +3 ring of dexterity (left hand)
 m - a ring of stealth (right hand)
 p - an amulet of the gourmand (around neck)
 x - an uncursed ring of flight
 A - an uncursed ring of poison resistance
Wands
 r - a wand of slowing (16/48)
 D - a wand of slowing (16/48)
Scrolls
 e - a scroll of immolation
 t - a scroll of recharging
 u - a scroll of amnesia
 v - a scroll of teleportation
 z - 3 scrolls of enchant armour {unknown}
 B - 4 scrolls of remove curse {unknown}
 E - a scroll of random uselessness {unknown}
Potions
 b - a potion of ambrosia {unknown}
 h - 2 potions of heal wounds
 j - a potion of haste
 l - 5 potions of brilliance {unknown}
 q - 2 potions of flight {unknown}
 C - a potion of curing
Miscellaneous
 H - a plain deck of destruction
Comestibles
 d - 3 fruits
 f - 4 bread rations
 g - 2 slices of pizza
 k - a royal jelly
 o - 3 meat rations


   Skills:
 + Level 5.5 Fighting
   Level 4.4(6.1) Axes
   Level 5.9(6.6) Maces & Flails
 + Level 2.2(3.6) Polearms
   Level 0.2(4.0) Staves
 + Level 5.7 Armour
 + Level 2.5 Dodging
 + Level 1.8 Stealth
 + Level 5.7 Shields


You had 6 spell levels left.
You knew the following spells:

 Your Spells              Type           Power        Failure   Level  Hunger
a - Corona                Hex            #......      99%         1    ##.....


Dungeon Overview and Level Annotations

Branches:
Dungeon (5/15)             Temple (1/1) D:4

Altars:
Ashenzari
Cheibriados
Dithmenos
Elyvilon
Fedhas
Gozag
Hepliaklqana
Kikubaaqudgha
Makhleb
Nemelex Xobeh
Okawaru
Qazlal
Ru
Sif Muna
Trog
Uskayaw
Xom
Zin
The Shining One


Innate Abilities, Weirdness & Mutations

You reflexively headbutt those who attack you in melee.
You have a pair of horns on your head.
Scrolls take you a little longer to read.


Message History

Makhleb sends a minion to punish you.
A balrug comes into view. It is wielding a demon whip of pain.
You hit the balrug but do no damage. You headbutt the balrug!
The balrug is lightly wounded.
The balrug blinks!
You hit the balrug.
Space bends around the balrug.
You headbutt the balrug.
The balrug is lightly wounded.
You block the balrug's attack.
You puncture the balrug!
Space warps horribly around the balrug!
The balrug is heavily wounded.
The balrug hits you with a demon whip of pain!
You are engulfed in flames!!
You writhe in agony.
You hit the balrug.
Space bends around the balrug.
You headbutt the balrug, but do no damage.
The balrug is heavily wounded.
The balrug hits you with a demon whip of pain!
* * * LOW HITPOINT WARNING * * *
You are engulfed in flames!!
You die...
Your body disappears without a glow.

#.# #..# ##........ #.#
#..## #......... ##.#
#...# #......... #..#
#...# #......... #..#
##..## #........# #..###
#...# #>......##
#....########...#
##...###..#
....[.......[..2####....
#..##
.########.......@....#
##..# ...##
########..#### #..#
....### ##.## ##.#
......## #..# #..
.......## #.## #######.
........# #.# #...###.
.......## ..# ##....#.
......## #.## #......
..(..## #. ## #......


You could see a balrug.

Vanquished Creatures
  A glowing orange brain (Abyss:1)
  2 centaurs
  The ghost of edgar the Sneak, an amateur SpAs (D:3)
  An orc wizard (D:3)
  Ijyb (D:3)
  Crazy Yiuf (D:2)
  2 iguanas (D:5)
  12 gnolls
  4 adders
  An ooze (D:3)
  2 worms (D:3)
  A dart slug (D:2)
  11 orcs
  4 giant cockroaches
  6 goblins
  7 hobgoblins
  12 jackals (D:1)
  5 quokkas
  A ball python (D:5)
  5 bats
  9 frilled lizards
  A jackal skeleton (D:4)
  8 kobolds
  A leopard gecko zombie (D:5)
  3 rats
102 creatures vanquished.

Vanquished Creatures (others)
  An orc priest (D:4)
  A gnoll (D:4)
  An ooze (D:4)
  An orc (D:3)
4 creatures vanquished.

Grand Total: 106 creatures vanquished

Notes
Turn   | Place    | Note
-------+----------+-------------------------------------------
     0 | D:1      | Inarius the Minotaur Fighter began the quest for the Orb.
     0 | D:1      | Reached XP level 1. HP: 19/19 MP: 0/0
   154 | D:1      | Reached XP level 2. HP: 11/27 MP: 1/1
   770 | D:1      | Reached XP level 3. HP: 31/33 MP: 2/2
  1051 | D:2      | Found a faded altar of an unknown god.
  1144 | D:2      | Found a runed door.
  1148 | D:2      | Noticed Crazy Yiuf
  1150 | D:2      | Killed Crazy Yiuf
  1215 | D:2      | Reached XP level 4. HP: 40/40 MP: 3/3
  1776 | D:3      | Gained mutation: Your magical capacity is low. (-10% MP) [potion of mutation]
  1776 | D:3      | Gained mutation: Your body sometimes deteriorates upon taking damage. [potion of mutation]
  1776 | D:3      | Gained mutation: You possess an exceptional clarity of mind. [potion of mutation]
  1810 | D:3      | Reached XP level 5. HP: 39/47 MP: 3/3
  1829 | D:3      | Noticed Ijyb
  1839 | D:3      | Killed Ijyb
  1908 | D:3      | Reached skill level 1 in Maces & Flails
  1973 | D:3      | Learned a level 1 spell: Corona
  2053 | D:3      | Found an iron altar of Okawaru.
  2093 | D:3      | Noticed edgar's ghost (amateur SpAs)
  2110 | D:3      | Killed edgar's ghost
  2110 | D:3      | Reached skill level 1 in Dodging
  2110 | D:3      | Reached XP level 6. HP: 48/53 MP: 4/4
  2159 | D:3      | Reached skill level 5 in Armour
  2228 | D:3      | Cast into level 1 of the Abyss (gnoll)
  2365 | Abyss:1  | Noticed a glowing orange brain
  2376 | Abyss:1  | Noticed a small abomination
  2376 | Abyss:1  | Noticed a ynoxinul
  2385 | Abyss:1  | Noticed a large abomination
  2391 | Abyss:1  | Noticed a ynoxinul
  2391 | Abyss:1  | Noticed an ancient zyme
  2392 | Abyss:1  | Killed a glowing orange brain
  2392 | Abyss:1  | Reached skill level 5 in Fighting
  2392 | Abyss:1  | Reached skill level 5 in Maces & Flails
  2392 | Abyss:1  | Reached skill level 1 in Stealth
  2392 | Abyss:1  | Reached skill level 5 in Shields
  2392 | Abyss:1  | Reached XP level 7. HP: 14/61 MP: 5/5
  2394 | D:3      | Escaped the Abyss
  3114 | D:4      | Gained mutation: You are clumsy. (Dex -2) [potion of mutation]
  3114 | D:4      | Gained mutation: Your spells are a little easier to cast, but a little less powerful. [potion of mutation]
  3114 | D:4      | Gained mutation: Your body often deteriorates upon taking damage. [potion of mutation]
  3204 | D:4      | Reached skill level 1 in Polearms
  3359 | D:4      | Found a staircase to the Ecumenical Temple.
  3366 | Temple   | Entered the Ecumenical Temple
  3520 | Temple   | Became a worshipper of Makhleb the Destroyer
  3584 | D:4      | Found a snail-covered altar of Cheibriados.
  3644 | D:4      | Found a sparkling altar of Nemelex Xobeh.
  3663 | D:4      | Fell from the grace of Makhleb
  3663 | D:4      | Became a worshipper of Nemelex Xobeh the Trickster
  3741 | D:4      | Received a gift from Nemelex Xobeh
  3830 | D:4      | Lost mutation: You possess an exceptional clarity of mind. [potion of cure mutation]
  3830 | D:4      | Lost mutation: Your magical capacity is low. (-10% MP) [potion of cure mutation]
  3830 | D:4      | Lost mutation: Your body often deteriorates upon taking damage. [potion of cure mutation]
  3830 | D:4      | Lost mutation: Your spells are a little easier to cast, but a little less powerful. [potion of cure mutation]
  3830 | D:4      | Lost mutation: You are clumsy. (Dex -2) [potion of cure mutation]
  3830 | D:4      | Lost mutation: Your body sometimes deteriorates upon taking damage. [potion of cure mutation]
  3831 | D:4      | Gained mutation: Scrolls take you a little longer to read. [potion of mutation]
  3895 | D:4      | Reached XP level 8. HP: 57/69 MP: 7/7
  4101 | D:5      | Entered Level 5 of the Dungeon
  4531 | D:5      | Noticed a balrug
  4537 | D:5      | Mangled by a balrug

Skill      XL: |  1  2  3  4  5  6  7  8 |
---------------+-------------------------+-----
Axes           | 3 4 |  4.4
Armour         | 4 5 |  5.7
Shields        | 4 5 |  5.7
Fighting       | 4 5 |  5.5
Maces & Flails | 2 5 |  5.9
Dodging        | 1 2 |  2.5
Stealth        | 1 |  1.8
Polearms       | 1 2 |  2.2
Staves         | |  0.2

Action                   |  1- 3 |  4- 6 |  7- 9 || total
-------------------------+-------+-------+-------++-------
Melee: War axe           |    62 |       |       ||    62
       Headbutt          |     6 |    23 |    20 ||    49
       Quarterstaff      |     3 |    28 |       ||    31
       Whip              |       |   107 |    13 ||   120
       Spear             |       |     9 |    89 ||    98
  Use: Scroll            |       |     6 |     2 ||     8
       Potion            |       |     2 |     5 ||     7
 Stab: Sleeping          |       |     2 |     6 ||     8
  Eat: Chunk             |     1 |     4 |    18 ||    23
Armor: Scale mail        |    29 |       |       ||    29
       Chain mail        |    26 |    35 |       ||    61
       Ring mail         |       |    30 |    27 ||    57
Dodge: Dodged            |    19 |    48 |    18 ||    85
Block: Shield            |    44 |    39 |    46 ||   129
